 Dungeon Crawl Stone Soup version 0.31-a0-544-gceb718ecc6 (webtiles) character file.

Game seed: 7289029955116546758

3238 ytrimaz the Ruffian (level 9, -1/46 HPs)
             Began as a Demonspawn Shapeshifter on Aug 16, 2023.
             Was an Initiate of Gozag.
             Slain by an ogre
             ... wielding a +0 halberd
              (10 damage)
             ... in a bailey.
             The game lasted 00:11:03 (6964 turns).

ytrimaz the Ruffian (Demonspawn Shapeshifter)       Turns: 6964, Time: 00:11:04

Health: -1/46      AC:  9    Str: 16    XL:     9   Next: 66%
Magic:  9/9        EV: 15    Int: 15    God:    Gozag
Gold:   512        SH:  0    Dex: 20    Spells: 8/8 levels left

rFire   . .          .
                       - Unarmed
rCold   . . .        (shield currently unavailable)
rNeg    . . .        q - +2 ring mail {rPois}
rPois   +            (helmet restricted)
rElec   .            t - +1 cloak
rCorr   .            (gloves currently unavailable)
SInv    .            (no boots)
Will    .....        (no amulet)
Stlth   +            n - +6 ring of dexterity
HPRegen 0.27/turn    h - +4 ring of protection
MPRegen 0.11/turn

%: clarity
@: blade hands
A: reduced hp, horns 1, rugged brown scales 1, powered by death 1, clarity,
clever 1, deformed body, devolution 1
a: Begin Untransformation, Renounce Religion, Potion Petition, Call Merchant,
Bribe Branch


You were in a bailey.
You worshipped Gozag.
Gozag was pleased with you.
You had blades for hands.
You visited 2 branches of the dungeon, and saw 9 of its levels.
You also visited: Bailey.

You collected 669 gold pieces.
You paid 157 gold pieces to Gozag.


Innate Abilities, Weirdness & Mutations

You have blades for hands.
Your maximum health is decreased, since you lack skill for your form.
Your spellcasting is less reliable in this form.
You are incapable of wielding weapons or throwing items.
You have a pair of small horns on your head.
You are partially covered in rugged brown scales. (AC +1, +3% HP)
You regenerate a little health from kills.
You possess an exceptional clarity of mind.
Your mind is acute. (Int +4, Str/Dex -1)
Armour fits poorly on your strangely shaped body.
You have hidden genetic defects.


   Skills:
 - Level 1.0 Fighting
 + Level 7.4 Dodging
 + Level 7.6 Unarmed Combat
 * Level 6.8 Shapeshifting


You had 8 spell levels left.
You didn't know any spells.
Your spell library contained the following spells:

 Spells                   Type           Power      Damage    Failure   Level
 Apportation              Tloc           0%         N/A       45%         1
 Summon Small Mammal      Summ           0%         N/A       45%         1
 Lesser Beckoning         Tloc           0%         N/A       61%         2
 Scorch                   Fire           0%         2d5       61%         2
 Call Canine Familiar     Summ           0%         N/A       83%         3
 Gell's Gravitas          Tloc           0%         N/A       83%         3
 Summon Guardian Golem    Hex/Summ       0%         N/A       83%         3
 Teleport Other           Tloc           0%         N/A       83%         3
 Animate Armour           Summ/Erth      0%         N/A       99%         4
 Flame Wave               Conj/Fire      0%         2d4       99%         4
 Summon Lightning Spire   Summ/Air       0%         N/A       99%         4
 Lee's Rapid Deconstruct  Erth           0%         3d4*      100%        5
 Summon Cactus Giant      Summ           0%         N/A       100%        6

Inventory:

Armour
 q - a +2 ring mail of poison resistance (worn)
   (You found it on level 3 of the Dungeon)
 t - a +1 cloak (worn)
   (You found it on level 3 of the Dungeon)
Jewellery
 a - a ring of protection from cold
   (You found it on level 5 of the Dungeon)
 h - a +4 ring of protection (right blade hand)
   (You found it on level 3 of the Dungeon)
 n - a +6 ring of dexterity (left blade hand)
   (You found it on level 2 of the Dungeon)
 s - a ring of ice
   (You found it on level 3 of the Dungeon)
Talismans
 c - a beast talisman
 d - a flux talisman
 A - a blade talisman (active)
   (You found it on level 6 of the Dungeon)
Wands
 i - a wand of acid (1) (quivered)
   (You found it on level 7 of the Dungeon)
 u - a wand of paralysis (5)
   (You found it on level 7 of the Dungeon)
 C - a wand of mindburst (10)
   (You found it on level 6 of the Dungeon)
 D - a wand of polymorph (13)
   (You found it on level 7 of the Dungeon)
Scrolls
 e - 2 scrolls of amnesia
 k - a scroll of teleportation
 o - a scroll of butterflies
 v - a scroll of revelation
 x - 3 scrolls of identify
 y - a scroll of poison {unknown}
 B - a scroll of enchant weapon {unknown}
Potions
 b - 2 potions of lignification
 f - 2 potions of enlightenment
 g - a potion of invisibility {unknown}
 j - 2 potions of heal wounds
 l - a potion of ambrosia {unknown}
 m - a potion of haste
 p - 2 potions of brilliance
 r - a potion of might
 w - a potion of attraction {unknown}
 z - 2 potions of resistance

Dungeon Overview and Level Annotations

Branches:
Dungeon (8/15) Zot: 26795  Temple (1/1) D:6 Zot: 5979  Bailey (1/1) Zot: 5954
   Lair: D:8-11

Altars:
Ashenzari
Cheibriados
Dithmenos
Fedhas
Gozag
Kikubaaqudgha
Makhleb
Okawaru
Qazlal
Ru
Sif Muna
Trog
Uskayaw
Vehumet
Wu Jian
Xom
Yredelemnul

Annotations:
D:6 1 runed translucent door, Mightysalt's ghost, weakling DsDe
D:7 Jeremiah

#..######♣..#
#........$#
#.......#
##~~~~~##
#~~~~~#
###~~~$$###
##.....O...##
##......O....##
#....∩..@∩....#
##...........##
##.........##
###.....###
#######


You could see 2 ogres.


Message History

The spriggan hits you with a +0 trident! 😕 HP[-10]
You take 10 damage, and now have 35/45 hp.
MASSIVE DAMAGE!! (PAUSE)
You slash the spriggan! You slice the spriggan!!
You kill the spriggan!
An ogre comes into view.
It is wielding a +0 halberd. 😕 HP[+1] Unknown command.
You enter the shallow water.
Moving in this stuff is going to be slow. 😕 HP[+1]
The ogre barely misses you.
Okay, then.
Okay, then. 😕 HP[+1] Unknown command.
Aiming: Corrosive Bolt
Press: ? - help, Q - select action, (/) - cycle Shift-Dir - straight line, f - ogre
Aim: an ogre, wielding a +0 halberd (86% to hit)
The bolt of acid hits the ogre!
The acid corrodes the ogre!
The ogre is distracted by your dazzling golden aura.
Aiming: Corrosive Bolt
Press: ? - help, Q - select action, (/) - cycle Shift-Dir - straight line, f/p - ogre
Aim: an ogre, wielding a +0 halberd (moderately wounded, covered in acid, 86% to hit)
The bolt of acid hits the ogre!
The ogre barely misses you. The ogre barely misses you.
You slash the ogre!
You kill the ogre!
You hear a splash. 😕 HP[+2]
You now have 46 max hp (+1).
You regained 2 hp, and now have 40/46 hp.
You enter the shallow water.
Moving in this stuff is going to be slow.
Things that are here:
9 gold pieces; a +0 halberd; 😕 HP[+2]
You regained 2 hp, and now have 42/46 hp.
The ogre is no longer distracted by gold. 😕 HP[+2]
You regained 2 hp, and now have 44/46 hp.
Aiming: Corrosive Bolt
Press: ? - help, Q - select action, (/) - cycle Shift-Dir - straight line, f - ogre
Aim: an ogre, wielding a +0 halberd (86% to hit)
The bolt of acid hits the ogre.
You hear two shouts!
Aiming: Corrosive Bolt
Press: ? - help, Q - select action, (/) - cycle Shift-Dir - straight line, f/p - ogre
Aim: an ogre, wielding a +0 halberd (moderately wounded, 86% to hit)
The bolt of acid hits the ogre!
The ogre hits you from afar with a +0 halberd! 😮 HP[-15]
You take 15 damage, and now have 29/46 hp.
MASSIVE DAMAGE!! (PAUSE)
You enter the shallow water.
Moving in this stuff is going to be slow.
Things that are here:
9 gold pieces; a +0 halberd The ogre closely misses you. 😮 HP[+1] Unknown command.
An ogre comes into view. It is wielding a +0 glaive.
The ogre shouts!
The ogre completely misses you.
Unknown command.
The ogre closely misses you. 😮 HP[+1]
You slice the ogre!!
You kill the ogre!
You hear a splash.
Unknown command.
An ogre comes into view. It is wielding a +0 halberd.
The ogre shouts!
Things that are here:
22 gold pieces; a +0 halberd 😮 HP[+1] 😮 HP[+1]
Aiming: Corrosive Bolt
Press: ? - help, Q - select action, (/) - cycle Shift-Dir - straight line, f - ogre
Aim: an ogre, wielding a +0 glaive (86% to hit)
The bolt of acid hits the ogre!
Aiming: Corrosive Bolt
Press: ? - help, Q - select action, (/) - cycle Shift-Dir - straight line, f/p - ogre
Aim: an ogre, wielding a +0 glaive (moderately wounded, 86% to hit)
The bolt of acid hits the ogre!
The acid corrodes the ogre!
The ogre misses you.
Unknown command.
The ogre hits you from afar with a +0 halberd!
* * * LOW HITPOINT WARNING * * *
The ogre hits you with a +0 glaive!
* * * LOW HITPOINT WARNING * * *
😱 HP[-24]
You take 24 damage, and now have 9/46 hp.
MASSIVE DAMAGE!! (PAUSE)
You barely miss the ogre. You headbutt the ogre.
The ogre hits you from afar with a +0 halberd!
You die...
Your body crumbles into a pile of gold.

Skill      XL: |  1  2  3  4  5  6  7  8  9 |
---------------+----------------------------+-----
Dodging        | 2 3 4 5 6 7 |  7.4
Shapeshifting  | 3 4 5 6 |  6.8
Unarmed Combat | 3 4 5 6 7 |  7.6
Fighting       | |  1.0

Action                     |  1- 3 |  4- 6 |  7- 9 || total
---------------------------+-------+-------+-------++-------
  Melee: Unarmed           |   103 |   161 |   268 ||   532
         Punch             |     2 |     5 |    11 ||    18
         Headbutt          |       |    25 |    68 ||    93
  Evoke: Wand              |       |       |    11 ||    11
    Use: Scroll            |       |     7 |     6 ||    13
         Potion            |       |     1 |    15 ||    16
   Stab: Sleeping          |       |     2 |       ||     2
 Armour: Animal skin       |    22 |     8 |       ||    30
         Ring mail         |       |    67 |   114 ||   181
         Skin              |       |    48 |     9 ||    57
  Dodge: Dodged            |    51 |   144 |   180 ||   375
   Form: Flux              |       |     1 |     1 ||     2
         Beast             |       |     1 |       ||     1
         Blade             |       |       |     1 ||     1

Levels and vault maps discovered:
D:1:      amcnicky_arrival_choice, layout_rooms
D:2:      layout_loops_ring, shapermc_ecumenical_altar_rom_forum
D:3:      layout_basic, tso_oasis_becter
D:4:      layout_rooms, slow_altar_1
D:5:      layout_basic
D:6:      layout_rooms, temple_hall, ebering_ghost_reflecting_pool,
          kennysheep_nondescript
D:7:      layout_layer_cave, marbit_many_paths, nicolae_fountain_basement,
          uniq_jeremiah
D:8:      layout_basic, nicolae_hepliaklqana_hippocampus,
          nemelex_spade_bored_becter, enter_bailey_2, uniq_grum
Temple:   eino_temple_rhombus
Bailey:   bailey_polearm_enchanted_keep_hellmonk, bailey

Notes
Turn   | Place    | Note
-------+----------+-------------------------------------------
     0 | D:1      | ytrimaz the Demonspawn Shapeshifter began the quest for the
                  | Orb.
     0 | D:1      | Reached XP level 1. HP: 15/15 MP: 1/1
     0 | D:1      | magus.rc [v1.9.6]
    26 | D:1      | HP: 3/15 [goblin/+0 dagger (3)]
    31 | D:1      | HP: 1/15 [frozen (2)]
   119 | D:1      | Reached skill level 2 in Dodging
   119 | D:1      | Gained mutation: You regenerate a little health from kills.
                  | [demonic ancestry]
   119 | D:1      | Reached XP level 2. HP: 19/21 MP: 2/2
   130 | D:1      | Reached skill level 3 in Shapeshifting
   340 | D:1      | Reached skill level 3 in Unarmed Combat
   544 | D:2      | Reached XP level 3. HP: 26/26 MP: 3/3
   605 | D:2      | Found a faded altar of an unknown god.
   632 | D:2      | Got Plato's Secrets of Places
   871 | D:2      | Gained mutation: You have a pair of small horns on your
                  | head. [demonic ancestry]
   871 | D:2      | Reached XP level 4. HP: 26/32 MP: 4/4
  1616 | D:3      | You pick up a book of Callings and begin reading...
  1616 | D:3      | You add the spells Summon Small Mammal, Call Canine
                  | Familiar and Summon Guardian Golem to your library.
  1701 | D:3      | Reached skill level 3 in Dodging
  2155 | D:4      | Reached XP level 5. HP: 37/37 MP: 5/5
  2167 | D:4      | Noticed a black bear
  2203 | D:4      | Killed a black bear
  2204 | D:4      | Reached skill level 4 in Unarmed Combat
  2204 | D:4      | Reached XP level 6. HP: 40/43 MP: 6/6
  2251 | D:4      | Reached skill level 4 in Shapeshifting
  2262 | D:4      | Identified the +5 mace "Notwyrch" {venom, rC- Str+5 Int+5}
  2327 | D:4      | Found a snail-covered altar of Cheibriados.
  2385 | D:4      | Reached skill level 4 in Dodging
  2631 | D:4      | Identified the +1 mace of Dismemberment {heavy, rN++ SInv}
  2698 | D:5      | Entered Level 5 of the Dungeon
  2781 | D:5      | Reached XP level 7. HP: 46/48 MP: 7/7
  2921 | D:5      | You pick up a book of Iron and begin reading...
  2921 | D:5      | You add the spells Summon Lightning Spire, Animate Armour
                  | and Lee's Rapid Deconstruction to your library.
  2943 | D:5      | You pick up a book of Displacement and begin reading...
  2943 | D:5      | You add the spells Lesser Beckoning, Gell's Gravitas and
                  | Teleport Other to your library.
  3097 | D:5      | Reached skill level 5 in Unarmed Combat
  3507 | D:6      | Found a runed translucent door.
  3509 | D:6      | Noticed Mightysalt's ghost (weakling DsDe)
  3533 | D:6      | Reached skill level 5 in Dodging
  3541 | D:6      | Noticed a yak
  3542 | D:6      | Noticed a yak
  3542 | D:6      | Noticed a yak
  3556 | D:6      | Killed a yak
  3557 | D:6      | Reached skill level 5 in Shapeshifting
  3557 | D:6      | Reached XP level 8. HP: 22/54 MP: 8/8
  3557 | D:6      | HP: 11/54 [yak (12)]
  3564 | D:6      | HP: 14/81 [yak (4)]
  3574 | D:6      | HP: 14/81 [yak (2)]
  3578 | D:6      | Reached skill level 6 in Unarmed Combat
  3819 | D:6      | Reached skill level 6 in Dodging
  3997 | D:6      | You pick up a book of Scorching and begin reading...
  3997 | D:6      | You add the spells Scorch, Flame Wave and Summon Cactus
                  | Giant to your library.
  4060 | D:6      | You fall into a shaft and drop 1 floor!
  4165 | D:7      | HP: 11/54 [orc/+0 trident (3)]
  4165 | D:7      | HP: 3/54 [orc priest/divine providence (8)]
  4905 | D:6      | Found a staircase to the Ecumenical Temple.
  4914 | Temple   | Entered the Ecumenical Temple
  4924 | Temple   | Became a worshipper of Gozag Ym Sagoz the Greedy
  5068 | D:6      | Gained mutation: You are partially covered in rugged brown
                  | scales. (AC +1, +3% HP) [demonic ancestry]
  5068 | D:6      | Reached XP level 9. HP: 54/60 MP: 9/9
  5128 | D:7      | Reached skill level 6 in Shapeshifting
  5202 | D:7      | Noticed Jeremiah
  5232 | D:7      | HP: 15/60 [Jeremiah/+4 vampiric glaive (11)]
  5235 | D:7      | HP: 2/60 [Jeremiah/divine providence (14)]
  5249 | D:7      | HP: 7/60 [orc wizard/magic dart (3)]
  5586 | D:7      | Gained mutation: Your mind is acute. (Int +4, Str/Dex -1)
                  | [potion of mutation]
  5586 | D:7      | Gained mutation: You are weak. (Str -2) [potion of
                  | mutation]
  5586 | D:7      | Gained mutation: You expend magic power (3 MP) to
                  | strengthen your wands. [potion of mutation]
  5592 | D:7      | HP: 14/60 [Jeremiah/+4 vampiric glaive (12)]
  5655 | D:6      | Lost mutation: You are weak. (Str -2) [potion of mutation]
  5655 | D:6      | Lost mutation: You expend magic power (3 MP) to strengthen
                  | your wands. [potion of mutation]
  5655 | D:6      | Gained mutation: You possess an exceptional clarity of
                  | mind. [potion of mutation]
  5655 | D:6      | Gained mutation: You have hidden genetic defects. [potion
                  | of mutation]
  6083 | D:7      | Reached skill level 7 in Unarmed Combat
  6264 | D:7      | Found a stormy altar of Qazlal.
  6345 | D:7      | Reached skill level 7 in Dodging
  6772 | D:8      | Found a flagged portal.
  6789 | D:8      | Gained mutation: Armour fits poorly on your strangely
                  | shaped body. [hidden defects]
  6926 | Bailey   | Entered a bailey
  6963 | Bailey   | HP: 9/46 [ogre/+0 glaive (12)]
  6964 | Bailey   | Slain by an ogre

Vanquished Creatures
  A spriggan (Bailey)
  3 yaks (D:6)
  A steam dragon (D:8)
  2 black bears
  An orc warrior (D:7)
  2 ogres (Bailey)
  2 centaurs
  A phantom (D:6)
  A bullfrog (D:7)
  2 kobold brigands
  3 scorpions
  9 wights
  3 howler monkeys
  2 hounds (D:6)
  2 jellies
  2 orc priests (D:7)
  5 iguanas
  An iron imp (D:4)
  2 sleepcaps
  6 orc wizards
  6 gnolls
  16 adders
  A shadow imp (D:6)
  A white imp (D:7)
  An ufetubus (D:4)
  A worm (D:2)
  18 orcs
  8 endoplasms
  3 giant cockroaches (D:2)
  5 goblins
  7 hobgoblins
  4 jackals (D:2)
  4 quokkas
  8 ball pythons
  11 bats
  5 frilled lizards
  13 kobolds
  4 rats
167 creatures vanquished.

Table legend:
 A = Non-vault XP
 B = Vault XP
 C = Vault XP percentage of total XP
 D = Non-vault monster count
 E = Vault monster count
 F = Vault count percentage of total count
                 A         B        C        D         E       F
            +---------+---------+-------+---------+---------+-------
      Total |    3820 |     807 |  17.4 |     158 |       9 |   5.4
            +---------+---------+-------+---------+---------+-------
        D:1 |      38 |       0 |   0.0 |      24 |       0 |   0.0
        D:2 |     109 |       0 |   0.0 |      28 |       0 |   0.0
        D:3 |      40 |       0 |   0.0 |      17 |       0 |   0.0
        D:4 |     490 |      39 |   7.4 |      28 |       1 |   3.4
        D:5 |     523 |       0 |   0.0 |      12 |       0 |   0.0
        D:6 |    1186 |     169 |  12.5 |      21 |       3 |  12.5
        D:7 |     920 |     136 |  12.9 |      23 |       2 |   8.0
        D:8 |     514 |       0 |   0.0 |       5 |       0 |   0.0
     Bailey |       0 |     463 | 100.0 |       0 |       3 | 100.0
            +---------+---------+-------+---------+---------+-------

Skill      XL: |  1  2  3  4  5  6  7  8  9 |
---------------+----------------------------+-----
Dodging        | 2 3 4 5 6 7 |  7.4
Shapeshifting  | 3 4 5 6 |  6.8
Unarmed Combat | 3 4 5 6 7 |  7.6
Fighting       | |  1.0

Action                     |  1- 3 |  4- 6 |  7- 9 || total
---------------------------+-------+-------+-------++-------
  Melee: Unarmed           |   103 |   161 |   268 ||   532
         Punch             |     2 |     5 |    11 ||    18
         Headbutt          |       |    25 |    68 ||    93
  Evoke: Wand              |       |       |    11 ||    11
    Use: Scroll            |       |     7 |     6 ||    13
         Potion            |       |     1 |    15 ||    16
   Stab: Sleeping          |       |     2 |       ||     2
 Armour: Animal skin       |    22 |     8 |       ||    30
         Ring mail         |       |    67 |   114 ||   181
         Skin              |       |    48 |     9 ||    57
  Dodge: Dodged            |    51 |   144 |   180 ||   375
   Form: Flux              |       |     1 |     1 ||     2
         Beast             |       |     1 |       ||     1
         Blade             |       |       |     1 ||     1

Illustrated notes

Table legend:
 A = Kills in this place as a percentage of kills in the entire game.
 B = Kills by you in this place as a percentage of kills by you in the entire game.
 C = Kills by friends in this place as a percentage of kills by friends in the entire game.
 D = Other kills in this place as a percentage of other kills in the entire game.
 E = Experience gained in this place as a percentage of experience gained in the entire game.
 F = Experience gained in this place divided by the number of levels of this place that you have seen.
                   A       B       C       D       E      F
               +-------+-------+-------+-------+-------+----------------------
         Total | 100.0 | 100.0 |   N/A |   N/A | 100.0 | 462.7
       Dungeon |  98.2 |  98.2 |   N/A |   N/A |  90.0 | 520.5
        Bailey |   1.8 |   1.8 |   N/A |   N/A |  10.0 | 463.0
               +-------+-------+-------+-------+-------+----------------------

Table legend: (Time is in decaauts)
 A = Elapsed time spent in this place.
 B = Non-inter-level travel time spent in this place.
 C = Inter-level travel time spent in this place.
 D = Time resting spent in this place.
 E = Time spent auto-exploring this place.
 F = Levels seen in this place.
 G = Mean time per level.
                   A        B        C        D        E       F      G
               +--------+--------+--------+--------+--------+-----+--------+
         Total |   6910 |   6632 |    278 |    340 |   4819 |  10 |  691.0 |
       Dungeon |   6845 |   6585 |    260 |    340 |   4813 |   8 |  855.6 |
        Temple |     20 |      2 |     18 |      0 |      0 |   1 |   20.0 |
        Bailey |     44 |     44 |      0 |      0 |      6 |   1 |   44.0 |
               +--------+--------+--------+--------+--------+-----+--------+

Top non-repeatable levels by time:
     D:7: 1923 daAuts
     D:6: 1235 daAuts
     D:3: 835 daAuts
     D:5: 802 daAuts
     D:2: 767 daAuts
     D:4: 539 daAuts
     D:1: 536 daAuts
     D:8: 204 daAuts
  Bailey: 44 daAuts
  Temple: 20 daAuts
